 Dungeon Crawl Stone Soup version 0.30-a0-632-g346586fe48 (webtiles) character file.

Game seed: 1727918967819945779

200 wormed the Shield-Bearer (level 6, 0/48 HPs)
             Began as a Formicid Fighter on Jan 13, 2023.
             Killed by nerve-wracking pain
             ... invoked by an orc priest
              (10 damage)
             ... on level 3 of the Dungeon.
             The game lasted 00:03:30 (1742 turns).

wormed the Shield-Bearer (Formicid Fighter)         Turns: 1742, Time: 00:03:31

Health: 0/48       AC: 10    Str: 21    XL:     6   Next: 6%
Magic:  6/6        EV: 10    Int:  7    God:
Gold:   72         SH:  5    Dex: 15    Spells: 5/5 levels left

rFire   . . .      SeeInvis +    l - +2 quarterstaff (chaos)
rCold   . . .      Faith    .    c - +0 buckler
rNeg    . . .      Spirit   .    b - +0 scale mail
rPois   .          Reflect  .    (helmet unavailable)
rElec   .          Harm     .    i - +2 cloak {rCorr}
rCorr   +          Rampage  .    (no gloves)
Will    .....                    (no boots) Stlth
                                 (no amulet)
HPRegen 0.28/turn                (no ring)
MPRegen 0.10/turn                (no ring)

@: no status effects
A: permanent stasis, dig shafts and tunnels, antennae 3, four strong arms
a: Dig, Shaft Self


You were on level 3 of the Dungeon.
You visited 1 branch of the dungeon, and saw 3 of its levels.

You collected 72 gold pieces.

Inventory:

Hand Weapons
 l - a +2 quarterstaff of chaos (weapon)
 q - a +0 great mace
Missiles
 o - 6 atropa-tipped darts
Armour
 b - a +0 scale mail (worn)
 c - a +0 buckler (worn)
 i - a +2 cloak of preservation (worn)
Jewellery
 g - a ring of wizardry
Scrolls
 a - a scroll of identify {unknown}
 f - a scroll of fog
 j - 4 scrolls of teleportation
 k - a scroll of vulnerability {unknown}
 m - a scroll of enchant weapon {unknown}
 n - a scroll of poison {unknown}
Potions
 d - 2 potions of might
 e - a potion of flight {unknown}
 h - a potion of heal wounds {unknown}


   Skills:
 + Level 4.2 Fighting
 * Level 2.0(2.6) Maces & Flails
 - Level 2.4(2.9) Staves
 + Level 4.2 Armour
 + Level 1.7 Dodging
 + Level 5.0 Shields


You had 5 spell levels left.
You didn't know any spells.
Your spell library contained the following spells:

 Spells                   Type           Power      Damage    Failure   Level
 Ensorcelled Hibernation  Hex/Ice        0%         N/A       92%         2
 Passwall                 Tmut/Erth      0%         N/A       92%         2
 Swiftness                Air            Unusable   N/A       N/A         3

Dungeon Overview and Level Annotations

Branches:
Dungeon (3/15)

Altars:
Nemelex Xobeh
Vehumet

Shops:
D:2 =


Innate Abilities, Weirdness & Mutations

You cannot be hasted, slowed, berserked, paralysed or teleported.
You can dig through walls and to a lower floor.
You have a pair of large antennae on your head. (SInv)
Your four strong arms can wield two-handed weapons with a shield.


Message History

The orc hits you but does no damage.
The orc priest hits you but does no damage.
You hit the orc but do no damage.
The orc is poisoned.
The orc priest hits you with a +0 falchion.
The orc barely misses you.
The orc priest looks satisfied for a moment.
You sock the orc priest!
The orc priest is severely wounded.
The orc priest hits you but does no damage.
The orc closely misses you. You block the orc priest's attack.
You hit the orc priest.
The orc priest is poisoned.
The orc priest is lightly wounded.
You block the orc priest's attack. The orc hits you but does no damage.
The orc priest hits you with a +0 club.
You completely miss the orc priest.
The orc priest is lightly wounded.
You kill the orc!
The orc priest hits you but does no damage.
The orc priest hits you with a +0 club.
* * * LOW HITPOINT WARNING * * *
The orc priest completely misses you. You block the orc priest's attack.
You hit the orc priest.
You kill the orc priest!
The orc priest closely misses you.
Your Maces & Flails skill increases to level 2!
Your Shields skill increases to level 5!
You have reached level 6!
You hit the orc priest but do no damage.
The orc priest looks as sick as possible!
The orc priest is moderately wounded.
The orc priest hits you with a +0 falchion.
* * * LOW HITPOINT WARNING * * *
You barely miss the orc priest.
The orc priest is heavily wounded.
You block the orc priest's attack.
You barely miss the orc priest.
The orc priest is heavily wounded.
The orc priest calls down the wrath of Beogh upon you.
Pain shoots through your body!
You die...

..### ###.## ###
+. { .##....#
#####.# #.
#.##.#.##
.......{ ..
..##.### ######.
#. #.##.# #.
{#.##.# #### +.
#.##.# ....
#.####o##+#.##.#
#####
#....))@....##.#
.....
#.####)##+#.##.#
##### #. #.##.#
#### +. #.#..#
...#######
#.####.##.#
.......^.#
...........#
#.....#.#
#########..#
##.8..# #..##
##...# #.##


You could see an orc priest (extremely poisoned).

Vanquished Creatures
  Crazy Yiuf (D:2)
  An orc priest (D:3)
  Jessica (D:2)
  6 gnolls
  An adder (D:3)
  2 worms
  2 dart slugs
  3 orcs (D:3)
  2 ball pythons
  2 bats (D:2)
  4 endoplasms
  5 goblins
  4 hobgoblins
  A kobold (D:3)
  2 frilled lizards
  8 rats
45 creatures vanquished.

Vanquished Creatures (others)
  A fungus (D:3)
1 creature vanquished.

Grand Total: 46 creatures vanquished

Notes
Turn   | Place    | Note
-------+----------+-------------------------------------------
     0 | D:1      | wormed the Formicid Fighter began the quest for the Orb.
     0 | D:1      | Reached XP level 1. HP: 18/18 MP: 1/1
   236 | D:1      | Reached XP level 2. HP: 22/24 MP: 2/2
   463 | D:2      | Found Alaem's Jewellery Boutique.
   585 | D:2      | Noticed Jessica
   588 | D:2      | Reached XP level 3. HP: 27/29 MP: 3/3
   590 | D:2      | Killed Jessica
   591 | D:2      | Reached skill level 1 in Dodging
   653 | D:2      | Reached XP level 4. HP: 37/37 MP: 4/4
  1123 | D:2      | Found a runed translucent door.
  1124 | D:2      | Noticed Crazy Yiuf
  1132 | D:2      | Killed Crazy Yiuf
  1133 | D:2      | Reached skill level 1 in Maces & Flails
  1133 | D:2      | Reached XP level 5. HP: 13/42 MP: 5/5
  1313 | D:3      | Found a faded altar of an unknown god.
  1322 | D:3      | HP: 2/42 [gnoll/+0 halberd (9)]
  1509 | D:3      | Found a radiant altar of Vehumet.
  1574 | D:3      | Found a sparkling altar of Nemelex Xobeh.
  1626 | D:3      | Found a faded altar of an unknown god.
  1740 | D:3      | Reached skill level 5 in Shields
  1740 | D:3      | Reached XP level 6. HP: 11/48 MP: 6/6
  1742 | D:3      | Killed from afar by an orc priest

Illustrated notes

Levels and vault maps discovered:
D:1:      minmay_arrival_doors, layout_rooms
D:2:      layout_rooms, serial_shops, nicolae_diamond_shop,
          uniq_crazy_yiuf_cottage, uniq_jessica
D:3:      minmay_door_path, layout_loops_ring, nemelex_diamond_rough_becter,
          mainiacjoe_overflow_brackets, nicolae_overflow_ecumenical_swirl,
          lemuel_doored_altar, gup_sewer_entry_bubbles,
          dreamdust_ecumenical_altar_grove

Skill      XL: |  1  2  3  4  5 |
---------------+----------------+-----
Dodging        | 1 |  1.7
Fighting       | 4 |  4.2
Maces & Flails | 1 2 |  2.0
Armour         | 4 |  4.2
Shields        | 5 |  5.0
Staves         | |  2.4

Action                   |  1- 3 |  4- 6 || total
-------------------------+-------+-------++-------
Melee: Quarterstaff      |    48 |    49 ||    97
       Great mace        |       |    26 ||    26
  Use: Scroll            |       |     7 ||     7
       Potion            |       |     5 ||     5
 Stab: Invisible         |       |     2 ||     2
Armor: Scale mail        |    12 |    32 ||    44
Dodge: Dodged            |    26 |    42 ||    68
Block: Buckler           |    10 |    27 ||    37

Table legend: (Time is in decaauts)
 A = Elapsed time spent in this place.
 B = Non-inter-level travel time spent in this place.
 C = Inter-level travel time spent in this place.
 D = Time resting spent in this place.
 E = Time spent auto-exploring this place.
 F = Levels seen in this place.
 G = Mean time per level.
                   A        B        C        D        E       F      G
               +--------+--------+--------+--------+--------+-----+--------+
         Total |   1777 |   1726 |     51 |     20 |   1335 |   3 |  592.3 |
       Dungeon |   1777 |   1726 |     51 |     20 |   1335 |   3 |  592.3 |
               +--------+--------+--------+--------+--------+-----+--------+

Top non-repeatable levels by time:
     D:2: 826 daAuts
     D:3: 481 daAuts
     D:1: 469 daAuts
